 Dungeon Crawl Stone Soup version 0.26-a0-812-g31a745ddcd (webtiles) character file.

Game seed: 246771871130026499

425587 Bliebski the Black Belt (level 23, 0/255 HPs)
             Began as an Octopode Transmuter on Nov 22, 2020.
             Was an Initiate of Gozag.
             Killed from afar by a deep elf knight (13 damage)
             ... with a lance of force
             ... on level 2 of the Elven Halls on Nov 24, 2020.
             The game lasted 05:19:44 (92504 turns).

Bliebski the Black Belt (Octopode Transmuter)      Turns: 92504, Time: 05:19:45

Health: 0/255      AC: 16    Str: 24      XL:     23   Next: 45%
Magic:  26/36      EV: 18    Int: 21 (22) God:    Gozag
Gold:   7556       SH:  0    Dex: 21      Spells: 17/40 levels left

rFire    + + .     SeeInvis +     - Unarmed
rCold    + + +     Faith    .   (shield currently unavailable)
rNeg     + . .     Spirit   .   (helmet currently unavailable)
rPois    +         Reflect  .   l - amulet of regeneration
rElec    +         Harm     .   D - ring of Lunaaz {rC++ rN+ Str-2}
rCorr    .         Rampage  .   T - ring "Vijiy" {Wiz +Fly MP-9 Str+6 Int+4 Stlth+}
MR       +++..                  O - ring "Haevach" {+Blink rElec rPois MP+9 EV-4}
Stlth    ++++++....             M - ring "Xutuhir" {rPois rF+ rC+ Stlth+}
HPRegen  0.92/turn              W - ring of Ymnarph {rPois rC+ MR+}
MPRegen  0.25/turn              Y - ring "Buux" {Ice Slay+2 SInv Stlth+}
                                N - ring "Jamoqut" {EV+4 Int+2}
                                U - ring of Goapepp {MR+ Stlth+}

@: lethally poisoned (0 -> 0), dragon-form, gold aura, flying, lightly drained
A: giant, almost no armour, stealthy swim, amphibious, 8 rings, (constrict 8),
see invisible, deterioration 1, screaming 1, subdued magic 2
}: 3/15 runes: decaying, serpentine, silver
a: End Transformation, Potion Petition, Call Merchant, Bribe Branch, Renounce
Religion, Breathe Fire, Evoke Blink, Stop Flying


You were on level 2 of the Elven Halls.
You worshipped Gozag.
Gozag was greatly pleased with you.
You were a fearsome dragon!
You visited 8 branches of the dungeon, and saw 39 of its levels.
You visited the Abyss 1 time.
You visited 1 bazaar.
You also visited: Trove.

You collected 21475 gold pieces.
You spent 6397 gold pieces at shops.
You paid 7522 gold pieces to Gozag.

Inventory:

Hand Weapons
 t - a +3 whip of electrocution
 B - the +7 war axe of Obuilu {flame, *Drain MP+9 Dex+2 SInv}
   (You found it on level 4 of the Swamp)

   It has been specially enchanted to burn those struck by it, causing extra
   injury to most foes and up to half again as much damage against particularly
   susceptible opponents.
   Big, fiery blades are also staple armaments of hydra-hunters.
   It affects your dexterity (+2).
   It affects your magic capacity (+9).
   It lets you see invisible.
   It causes draining when unequipped.
 E - the +9 sword of Zonguldrok {reap}
   (You found it on level 5 of the Vaults)

   If a monster killed with it leaves a corpse in good enough shape, the corpse
   will be animated as a zombie friendly to the killer.
 S - the +4 long sword of Hatred {pain, *Noise +Blink rF+}
   (You found it on level 1 of the Vaults)

   In the hands of one skilled in necromantic magic, it inflicts extra damage on
   living creatures.
   It protects you from fire.
   It lets you blink.
   It may make noises in combat.
Armour
 n - the +1 hat "Nasul" {*Corrode Int+6}
   (You acquired it on level 2 of the Elven Halls)

   It affects your intelligence (+6).
   It may corrode you when you take damage.
 q - a +2 hat (melded)
 Q - a +0 kite shield (melded)
Jewellery
 k - a +4 ring of slaying
 l - an amulet of regeneration (around neck)
 w - a +6 ring of strength
 x - the amulet of Dapigeh {MR+ Regen+}
   (You took it off a deep elf sorcerer on level 5 of the Vaults)

   [amulet of regeneration]

   It affects your resistance to hostile enchantments.
   It increases your rate of regeneration.
 A - a +6 ring of dexterity
 C - a +6 ring of dexterity
 D - the ring of Lunaaz (left foreclaw) {rC++ rN+ Str-2}
   (You took it off a vault warden on level 5 of the Vaults)

   [ring of positive energy]

   It affects your strength (-2).
   It greatly protects you from cold.
   It protects you from negative energy.
 H - an uncursed amulet of guardian spirit
 M - the ring "Xutuhir" (on tentacle) {rPois rF+ rC+ Stlth+}
   (You bought it in a shop on level 1 of the Vaults)

   [ring of protection from cold]

   It protects you from fire.
   It protects you from cold.
   It protects you from poison.
   It makes you more stealthy.
 N - the ring "Jamoqut" (on tentacle) {EV+4 Int+2}
   (You bought it in a shop on level 11 of the Dungeon)

   [ring of evasion]

   It affects your evasion (+4).
   It affects your intelligence (+2).
 O - the ring "Haevach" (on tentacle) {+Blink rElec rPois MP+9 EV-4}
   (You bought it in a shop on level 11 of the Dungeon)

   [ring of evasion]

   It affects your evasion (-4).
   It insulates you from electricity.
   It protects you from poison.
   It affects your magic capacity (+9).
   It lets you blink.
 T - the ring "Vijiy" (right foreclaw) {Wiz +Fly MP-9 Str+6 Int+4 Stlth+}
   (You found it on level 13 of the Dungeon)

   [ring of wizardry]

   It improves your spell success rate.
   It affects your strength (+6).
   It affects your intelligence (+4).
   It affects your magic capacity (-9).
   It lets you fly.
   It makes you more stealthy.
 U - the ring of Goapepp (on tentacle) {MR+ Stlth+}
   (You bought it in a shop on level 11 of the Dungeon)

   [ring of stealth]

   It affects your resistance to hostile enchantments.
   It makes you more stealthy.
 W - the ring of Ymnarph (on tentacle) {rPois rC+ MR+}
   (You bought it in a shop on level 11 of the Dungeon)

   [ring of poison resistance]

   It protects you from cold.
   It protects you from poison.
   It affects your resistance to hostile enchantments.
 Y - the ring "Buux" (on tentacle) {Ice Slay+2 SInv Stlth+}
   (You bought it in a shop on level 2 of the Lair of Beasts)

   [ring of ice]

   It enhances your ice magic.
   It affects your accuracy and damage with ranged weapons and melee attacks
   (+2).
   It makes you vulnerable to fire.
   It protects you from cold.
   It lets you see invisible.
   It makes you more stealthy.
 Z - the macabre finger necklace {rN+}
   (You took it off an orc on level 12 of the Dungeon)

   [amulet of nothing]

   It protects you from negative energy.
Wands
 y - a wand of paralysis (8)
 z - a wand of digging (14)
 J - a wand of disintegration (93)
Scrolls
 a - 29 scrolls of remove curse
 b - 18 scrolls of teleportation
 d - 3 scrolls of fear
 f - 3 scrolls of holy word
 m - 6 scrolls of amnesia
 r - 4 scrolls of fog
 u - 2 scrolls of blinking
 v - 25 scrolls of identify
 G - 3 scrolls of enchant weapon
 K - 3 scrolls of silence
 L - 8 scrolls of magic mapping
 P - 2 scrolls of enchant armour
 V - a scroll of brand weapon
 X - 2 scrolls of summoning
Potions
 c - 2 potions of curing
 e - 5 potions of haste
 g - 6 potions of lignification
 h - 2 potions of magic
 i - 4 potions of resistance
 j - 2 potions of heal wounds
 o - 4 potions of invisibility
 p - 7 potions of might
 s - 2 potions of cancellation
 F - 4 potions of flight
 I - 7 potions of brilliance
 R - 3 potions of berserk rage


   Skills:
 + Level 17.7 Fighting
 - Level 6.0(5.9) Maces & Flails
 + Level 17.8 Dodging
 - Level 12.0(11.9) Shields
 + Level 18.0(17.9) Unarmed Combat
 - Level 9.0(8.9) Spellcasting
 - Level 4.0(3.9) Conjurations
 - Level 5.0(4.9) Hexes
 - Level 2.0(1.9) Translocations
 + Level 17.7 Transmutations
 - Level 7.0(6.9) Ice Magic
   Level 7.0(6.9) Earth Magic
 - Level 5.0(4.9) Evocations


You had 17 spell levels left.
You knew the following spells:

 Your Spells              Type           Power        Failure   Level
a - Beastly Appendage     Tmut           ######       0%          1
c - Blink                 Tloc           N/A          1%          2
d - Magic Dart            Conj           ###.         1%          1
e - Tukima's Dance        Hex            ###.....     1%          3
f - Ice Form              Ice/Tmut       ######..     1%          4
g - Slow                  Hex            ###.....     1%          2
i - Dragon Form           Tmut           ######....   1%          7
j - Ozocubu's Armour      Ice            #####...     1%          3

Your spell library contained the following spells:

 Spells                   Type           Power        Failure   Level
 Passwall                 Tmut/Erth      #####...     0%          2
 Wereblood                Tmut           ######..     0%          2
 Animate Skeleton         Necr           #.....       1%          1
 Apportation              Tloc           ##....       1%          1
 Corona                   Hex            ###....      1%          1
 Foxfire                  Conj/Fire      ##..         1%          1
 Freeze                   Ice            ####         1%          1
 Pain                     Necr           #...         1%          1
 Sandblast                Erth           ###...       1%          1
 Shock                    Conj/Air       ##..         1%          1
 Sting                    Tmut/Pois      ####         1%          1
 Summon Small Mammal      Summ           #...         1%          1
 Ensorcelled Hibernation  Hex/Ice        ####..       1%          2
 Searing Ray              Conj           ###...       1%          2
 Dazzling Flash           Conj/Hex       ###...       1%          3
 Frozen Ramparts          Ice            #####.       1%          3
 Ignite Poison            Fire/Tmut/Pois ###.....     1%          3
 Inner Flame              Hex/Fire       ##......     1%          3
 Portal Projectile        Hex/Tloc       ##....       1%          3
 Spider Form              Tmut/Pois      ####......   1%          3
 Stone Arrow              Conj/Erth      ###...       1%          3
 Hailstorm                Conj/Ice       ####....     1%          4
 Leda's Liquefaction      Hex/Erth       ###.......   1%          4
 Petrify                  Tmut/Erth      #####...     1%          4
 Alistair's Intoxication  Tmut/Pois      ####.....    1%          5
 Blade Hands              Tmut           ######....   1%          5
 Irradiate                Conj/Tmut      ####......   1%          5
 Yara's Violent Unravell  Hex/Tmut       #####.....   1%          5
 Hydra Form               Tmut           ######....   1%          6
 Statue Form              Tmut/Erth      #####....    1%          6
 Call Imp                 Summ           #.......     2%          2
 Poisonous Vapours        Pois/Air       #.....       2%          2
 Swiftness                Air            #.......     2%          2
 Conjure Flame            Conj/Fire      ##......     2%          3
 Gell's Gravitas          Tloc           ##........   2%          3
 Lesser Beckoning         Tloc           ##........   2%          3
 Static Discharge         Conj/Air       ##......     2%          3
 Teleport Other           Tloc           ##......     2%          3
 Cause Fear               Hex            ###.......   2%          4
 Mephitic Cloud           Conj/Pois/Air  #.......     3%          3
 Fulminant Prism          Conj/Hex       ###.......   3%          4
 Lee's Rapid Deconstruct  Erth           ###.......   3%          5
 Summon Ice Beast         Ice/Summ       ###.....     4%          4
 Metabolic Englaciation   Hex/Ice        ####......   4%          5
 Vampiric Draining        Necr           #.........   6%          3
 Iskenderun's Mystic Bla  Conj/Tloc      ##......     6%          4
 Eringya's Noxious Bog    Tmut/Pois      ####......   9%          6
 Passage of Golubria      Tloc           N/A          10%         4
 Sticky Flame             Conj/Fire      ##......     10%         4
 Iskenderun's Battlesphe  Conj           ###.....     12%         5
 Bolt of Magma            Conj/Fire/Erth ###.......   13%         5
 Borgnjor's Vile Clutch   Necr/Erth      ###.......   14%         5
 Airstrike                Air            #.........   22%         4
 Animate Dead             Necr           #.........   22%         4
 Olgreb's Toxic Radiance  Pois           #.......     22%         4
 Summon Lightning Spire   Summ/Air       #.......     22%         4
 Silence                  Hex/Air        ##........   22%         5
 Summon Mana Viper        Hex/Summ       ##......     22%         5
 Fireball                 Conj/Fire      ##........   26%         5
 Lightning Bolt           Conj/Air       ##........   26%         5
 Iron Shot                Conj/Erth      ###.......   34%         6
 Summon Forest            Summ/Tloc      #.........   38%         5
 Invisibility             Hex            ###.....     41%         6
 Agony                    Necr           #.......     52%         5
 Summon Demon             Summ           #.........   52%         5
 Freezing Cloud           Conj/Ice/Air   ###.......   58%         6
 Simulacrum               Ice/Necr       ###.......   63%         6
 Death Channel            Necr           #.........   98%         6
 Shadow Creatures         Summ           N/A          98%         6
 Orb of Destruction       Conj           ###.......   98%         7
 Malign Gateway           Summ/Tloc      #.........   100%        7
 Spellforged Servitor     Conj/Summ      ##........   100%        7
 Summon Hydra             Summ           #.........   100%        7
 Discord                  Hex            ###.......   100%        8
 Ignition                 Fire           #.........   100%        8
 Dragon's Call            Summ           #.........   100%        9
 Shatter                  Erth           ###.......   100%        9
 Tornado                  Air            #.........   100%        9


Dungeon Overview and Level Annotations

Branches:
Dungeon (15/15)            Temple (0/1) D:5            Lair (6/6) D:10
  Swamp (4/4) Lair:4        Snake (4/4) Lair:2        Slime (1/5) Lair:5
    Orc (2/2) D:12            Elf (2/3) Orc:2        Vaults (5/5) D:13
  Crypt (0/3) Vaults:2     Depths (0/5) D:15

Altars:
Dithmenos
Elyvilon
Fedhas
Gozag
Kikubaaqudgha
Okawaru
Qazlal
Ru
Wu Jian
Xom
Yredelemnul
Beogh
Lugonu

Shops:
D:6 (   D:8 *}   D:10 :   D:11 =*   D:12 }   Orc:2 :[**   Elf:1 *   Elf:2 [
Lair:2 **   Lair:5 ?   Vaults:1 =

Annotations:
D:2 1 exclusion
D:3 2 runed translucent doors, ouioui's ghost, amateur TrFi
D:6 2 runed translucent doors, HunterMK's ghost, novice HOFi
D:7 exclusion: centaur, Maggie
D:10 2 transporters
D:11 exclusion: 2 boulder beetles
D:13 5 transporters, exclusion: orange crystal statue
D:14 1 runed translucent door, exclusion: downstairs
Lair:2 exclusions: downstairs and oklob plant
Lair:6 1 runed translucent door
Elf:1 2 transporters, Bossus's ghost, journeyman TrDe
Elf:2 1 runed translucent door


Innate Abilities, Weirdness & Mutations

You cannot wear most types of armour.
You are very stealthy in the water. (Stealth+)
You are amphibious.
You can wear up to eight rings at the same time.
((You can use your tentacles to constrict eight enemies at once.))
((Your skin changes colour to match your surroundings (Stealth+).))
((Your rubbery body absorbs attacks. (AC +1, EV +1)))
You have supernaturally acute eyesight. (SInv)
Your body sometimes deteriorates upon taking damage.
You occasionally shout uncontrollably at your foes.
Your spells are easier to cast, but less powerful.


Message History

The deep elf mage closely misses you.
You bite the deep elf mage!! Your claw misses the deep elf mage.
The deep elf mage is heavily wounded.
You feel sick.
The +6 bardiche of venom is no longer distracted by gold.
You maul the deep elf mage!!!!
You kill the deep elf mage!
The +6 bardiche of venom hits you from afar!!!
* * * LOW HITPOINT WARNING * * *
The deep elf knight unwields a +0 shortbow.
The deep elf knight wields a +0 short sword.
The deep elf knight closely misses you.
You feel much better.
You feel sick.
The +6 bardiche of venom hits you from afar!!
* * * LOW HITPOINT WARNING * * *
Your body deteriorates!
You feel dopey.
The deep elf knight casts a spell at you.
The lance of force hits you!
You die...
Your body crumbles into a pile of gold.

...)........ ......#
............ ......#
............... .....#
..............# #....#
#.............# ....#
##...........# #$(.#
##..........## ##e..#
##............###$$..#
#..............#D.$..#
...........^........##
..##...##...##......#
.####.####.####...###
## ### ### #####


You could see a deep elf knight and a +6 bardiche of venom.

Vanquished Creatures
  An ancient lich (Vaults:5)
  Bai Suzhen (Swamp:4)
  Saint Roka (Vaults:5)
  A golden dragon (Vaults:5)
  Nikola (Swamp:4)
  Jory (Vaults:5)
  2 hellephants (Vaults:2)
  A tentacled monstrosity (Vaults:5)
  2 quicksilver dragons (Vaults:5)
  2 acid blobs (Slime:1)
  5 sphinxes
  2 thorn hunters
  8 nagarajas
  2 storm dragons
  4 tengu reavers (Vaults:5)
  Donald (Vaults:1)
  3 shadow dragons (Vaults:5)
  A fenstrider witch (Swamp:3)
  2 fire giants (Vaults:5)
  3 deep elf sorcerers (Vaults:5)
  3 frost giants
  A deep elf elementalist (Vaults:5)
  Aizul (Swamp:1)
  2 iron dragons (Vaults:5)
  10 vault wardens
  Louise (Swamp:3)
  A ghoul (Vaults:2)
  5 ironheart preservers
  A war gargoyle (Vaults:5)
  8 stone giants
  2 entropy weavers
  3 very ugly things
  3 deep elf annihilators
  2 bunyips
  Snorg (D:10)
  2 eleionomae
  2 crystal guardians (Vaults:5)
  4 ettins
  2 fire dragons (Vaults:5)
  Josephine (D:12)
  9 yaktaur captains
  A shambling mangrove (Swamp:4)
  A jiangshi (Vaults:2)
  4 ice dragons
  A great orb of eyes (Vaults:3)
  A deep elf high priest (Elf:1)
  10 ogre magi
  Fannar (D:10)
  31 vault guards
  15 naga warriors
  29 hydras
  6 ghost crabs (Swamp:2)
  4 rakshasas
  2 catoblepae
  7 centaur warriors
  7 boulder beetles
  12 anacondas
  7 alligators
  A deep troll shaman (Vaults:1)
  2 deep troll earth magi
  36 two-headed ogres
  2 death knights
  10 orc high priests
  8 naga sharpshooters
  2 vampire magi
  9 death yaks
  Nergalle (D:10)
  A queen ant (shapeshifter) (Vaults:5)
  3 goliath frogs
  Urug (Lair:6)
  15 deep elf knights
  A salamander mystic (Snake:2)
  3 shock serpents (Snake:4)
  A storm dragon zombie (D:15)
  8 skeletal warriors
  An unseen horror (D:13)
  13 hell knights (Vaults:2)
  A shadow wraith (Vaults:4)
  20 sea snakes
  2 fire crabs (shapeshifter)
  3 flayed ghosts
  7 spriggan druids
  16 swamp dragons
  8 deep trolls
  A glowing orange brain (Vaults:1)
  2 bog bodies
  4 naga ritualists
  10 ironbrand convokers
  4 wizards
  4 harpies (Vaults:3)
  3 phantasmal warriors
  Pikel (D:4)
  5 lindwurms
  15 deep elf archers
  16 orc knights
  A mana viper (Snake:1)
  2 orc sorcerers
  4 necromancers
  An orb spider (shapeshifter) (D:13)
  62 deep elf magi
  4 cyclopes
  A manticore (D:13)
  4 wolf spiders
  9 salamanders
  32 ugly things
  12 elephants
  A stone giant zombie (D:15)
  A will-o-the-wisp (Swamp:3)
  Joseph (D:9)
  Maurice (D:9)
  27 slime creatures
  33 black mambas
  Psyche (D:12)
  4 apocalypse crabs (Swamp:2)
  10 vault sentinels
  6 torpor snails
  7 guardian serpents
  A guardian serpent (shapeshifter) (Elf:2)
  22 naga magi
  14 cane toads
  A gargoyle (D:14)
  A kobold demonologist (D:11)
  An efreet (Abyss:3)
  4 rime drakes
  8 komodo dragons
  17 yaktaurs
  9 freezing wraiths
  A meliai (shapeshifter) (D:14)
  9 trolls
  A bloated husk (Swamp:2)
  3 polar bears
  A wind drake (shapeshifter) (Vaults:1)
  16 hornets
  12 tyrant leeches
  Prince Ribbit (D:9)
  A raiju (shapeshifter) (D:14)
  A deep troll zombie (D:15)
  11 blink frogs
  A spriggan zombie (D:15)
  6 dream sheep
  A centaur simulacrum (D:15)
  Sigmund (D:4)
  2 shadows (D:13)
  7 wyverns
  2 redbacks (Vaults:5)
  A tarantella (shapeshifter) (Vaults:4)
  5 wraiths
  7 spriggans
  A redback (shapeshifter) (Vaults:5)
  Grum (D:8)
  4 water elementals (D:14)
  61 yaks
  2 hogs (shapeshifter)
  7 basilisks
  Eustachio (D:3)
  A steam dragon (Lair:3)
  A fire elemental (Elf:1)
  A human simulacrum (Vaults:3)
  9 vampire mosquitoes
  10 swamp worms
  11 wargs
  65 nagas
  An acid dragon (Vaults:2)
  16 water moccasins
  4 black bears
  9 swamp drakes (Swamp:4)
  42 orc warriors
  5 ice beasts
  4 sky beasts
  A necrophage (D:10)
  A phantom (D:9)
  41 ogres
  31 wolves
  A lemure (D:3)
  24 centaurs
  A boggart (shapeshifter) (Vaults:1)
  27 bullfrogs
  2 big kobolds
  A gnoll sergeant (Orc:1)
  3 earth elementals
  An ogre simulacrum (Vaults:1)
  4 scorpions
  A wyvern skeleton (D:9)
  17 killer bees
  4 wights
  8 howler monkeys
  7 electric eels
  6 bullfrog zombies
  2 centaur zombies
  19 orc wizards
  10 hounds
  4 jellies
  41 orc priests
  2 bullfrog skeletons
  7 iguanas
  8 worker ants
  Robin (D:3)
  8 gnolls
  A howler monkey skeleton (D:5)
  8 adders
  A shadow imp (D:7)
  2 white imps
  2 ufetubi
  5 oozes
  An adder zombie (D:6)
  An adder skeleton (D:6)
  4 worms
  A dart slug (D:3)
  4 leopard geckos
  137 orcs
  5 giant cockroaches
  13 goblins
  8 hobgoblins
  9 jackals
  10 kobolds
  2 quokkas
  2 ball pythons (D:1)
  5 bats
  3 frilled lizards
  A leopard gecko skeleton (D:5)
  5 rats
1648 creatures vanquished.

Vanquished Creatures (others)
  An ogre mage (Vaults:4)
  A hornet (Swamp:2)
  A spriggan (Swamp:2)
  24 dancing weapons
  An orc warrior (Vaults:5)
  A centaur (Vaults:2)
  36 fungi
  126 plants
  A withered plant (D:15)
192 creatures vanquished.

Grand Total: 1840 creatures vanquished

Notes
Turn   | Place    | Note
-------+----------+-------------------------------------------
     0 | D:1      | Bliebski the Octopode Transmuter began the quest for the
                  | Orb.
     0 | D:1      | Reached XP level 1. HP: 13/13 MP: 3/3
    47 | D:1      | Reached XP level 2. HP: 9/18 MP: 5/5
   746 | D:2      | Reached XP level 3. HP: 23/23 MP: 4/6
  1114 | D:2      | Found an ornate altar of the Wu Jian Council.
  1222 | D:2      | Found a white marble altar of Elyvilon.
  1779 | D:3      | Noticed Robin
  2502 | D:3      | Reached XP level 4. HP: 29/29 MP: 5/7
  2511 | D:3      | Killed Robin
  3088 | D:3      | Reached XP level 5. HP: 4/34 MP: 5/9
  3375 | D:3      | Found a large runed translucent door.
  3375 | D:3      | Found a large runed translucent door.
  3378 | D:3      | Noticed ouioui's ghost (amateur TrFi)
  4008 | D:3      | Learned a level 3 spell: Spider Form
  4029 | D:4      | Noticed a centaur
  4246 | D:4      | Killed a centaur
  4246 | D:4      | Reached XP level 6. HP: 15/41 MP: 6/10
  4459 | D:4      | Noticed a phantom
  4469 | D:4      | Reached skill level 4 in Unarmed Combat
  4835 | D:4      | Noticed Sigmund
  5113 | D:4      | Noticed Eustachio
  5266 | D:4      | Noticed a phantom
  5529 | D:3      | Killed Eustachio
  5529 | D:3      | Reached XP level 7. HP: 24/46 MP: 7/12
  5743 | D:3      | HP: 1/46 [phantom (6)]
  5747 | D:4      | Noticed Pikel
  6000 | D:4      | Killed Sigmund
  6230 | D:4      | Found an opulent altar of Gozag.
  6235 | D:4      | Became a worshipper of Gozag Ym Sagoz the Greedy
  6298 | D:4      | Killed Pikel
  6298 | D:4      | Reached skill level 5 in Unarmed Combat
  6298 | D:4      | Reached XP level 8. HP: 25/54 MP: 10/14
  6608 | D:5      | Entered Level 5 of the Dungeon
  7172 | D:5      | Found a shimmering altar of Xom.
  7212 | D:5      | Found a staircase to the Ecumenical Temple.
  7482 | D:6      | Reached skill level 5 in Dodging
  7482 | D:6      | Reached skill level 5 in Transmutations
  8558 | D:5      | Reached XP level 9. HP: 60/60 MP: 13/16
  8563 | D:5      | Reached skill level 5 in Fighting
  8577 | D:6      | Reached skill level 5 in Spellcasting
  8799 | D:6      | Found a large runed translucent door.
  8799 | D:6      | Found a large runed translucent door.
  8893 | D:6      | Found Bumnone's Weapon Boutique.
  8927 | D:6      | Noticed HunterMK's ghost (novice HOFi)
  9003 | D:6      | Found an iron altar of Okawaru.
  9082 | D:6      | Found a sacrificial altar of Ru.
  9143 | D:7      | Reached skill level 6 in Unarmed Combat
  9212 | D:7      | Found a basalt altar of Yredelemnul.
  9220 | D:7      | Learned a level 2 spell: Blink
  9229 | D:7      | Noticed Maggie
  9875 | D:7      | Learned a level 1 spell: Magic Dart
 10081 | D:8      | Noticed Grum
 10310 | D:8      | Reached skill level 1 in Conjurations
 10321 | D:8      | Killed Grum
 10321 | D:8      | Reached skill level 1 in Translocations
 10960 | D:8      | Reached XP level 10. HP: 68/68 MP: 12/18
 11046 | D:8      | Found Koan's Gadget Shop.
 11201 | D:8      | Reached skill level 7 in Unarmed Combat
 11456 | D:8      | Found an ancient bone altar of Kikubaaqudgha.
 12146 | D:9      | Noticed Maurice
 12239 | D:9      | Killed Maurice
 12490 | D:9      | Noticed Prince Ribbit
 12502 | D:9      | Killed Prince Ribbit
 12929 | D:9      | Noticed a two-headed ogre
 13339 | D:9      | Noticed a two-headed ogre
 13520 | D:10     | Entered Level 10 of the Dungeon
 14296 | D:10     | Reached XP level 11. HP: 25/74 MP: 17/21
 14683 | D:10     | Noticed Nergalle
 14692 | D:10     | Noticed a spectral orc warlord
 14710 | D:10     | Killed Nergalle
 14710 | D:10     | Reached skill level 8 in Unarmed Combat
 14914 | D:10     | Noticed Fannar
 15230 | D:9      | Learned a level 3 spell: Tukima's Dance
 15269 | D:9      | Got a faintly glowing trident
 15270 | D:9      | Identified the +2 trident "Kies" {drain, rElec Stlth+} (You
                  | found it on level 9 of the Dungeon)
 15277 | D:9      | Noticed Joseph
 15291 | D:9      | Killed Joseph
 15854 | D:9      | Killed a two-headed ogre
 16006 | D:10     | Noticed Snorg
 16149 | D:9      | Killed a two-headed ogre
 16274 | D:9      | Learned a level 4 spell: Ice Form
 16475 | D:10     | Killed Fannar
 16676 | D:10     | Found a staircase to the Lair.
 17290 | D:10     | Learned a level 2 spell: Slow
 17338 | D:10     | Killed Snorg
 17544 | D:10     | Noticed a cyan ugly thing
 17599 | D:10     | Found a transporter.
 17615 | D:10     | Noticed a brown ugly thing
 17616 | D:10     | Noticed a brown very ugly thing
 17620 | D:10     | Noticed a white ugly thing
 17625 | D:10     | Found a transporter.
 17625 | D:10     | Found a corrupted altar of Lugonu.
 17916 | D:11     | Noticed a cyclops
 17934 | D:11     | Killed a cyclops
 18193 | D:11     | Found a portal to a secret trove of treasure.
 18498 | D:11     | Found Qauqant's Assorted Antiques.
 18522 | D:11     | Bought a slimy turquoise ring for 110 gold pieces
 18522 | D:11     | Identified the ring "Jamoqut" {EV+4 Int+2} (You bought it
                  | in a shop on level 11 of the Dungeon)
 18547 | D:11     | Reached skill level 9 in Unarmed Combat
 18753 | D:11     | Noticed a purple ugly thing
 18780 | D:11     | Killed a purple ugly thing
 18780 | D:11     | Reached XP level 12. HP: 47/84 MP: 22/22
 18961 | D:11     | Noticed a boulder beetle
 19409 | D:11     | Noticed a boulder beetle
 19431 | D:11     | Noticed a centaur warrior
 19454 | D:11     | Killed a centaur warrior
 19454 | D:11     | Reached skill level 1 in Shields
 20052 | D:11     | Bought an embroidered hat for 154 gold pieces
 20067 | D:11     | Bought the ring of Goapepp {MR+ Stlth+} for 421 gold pieces
 20096 | D:12     | Noticed a boulder beetle
 20220 | Lair:1   | Entered Level 1 of the Lair of Beasts
 21452 | Lair:1   | Reached skill level 1 in Evocations
 21551 | Lair:1   | Found a blossoming altar of Fedhas.
 23665 | D:11     | Bought the ring of Ymnarph {rPois rC+ MR+} for 554 gold
                  | pieces
 23854 | Lair:2   | Noticed a boulder beetle
 23875 | Lair:2   | Killed a boulder beetle
 23877 | Lair:2   | Reached skill level 10 in Unarmed Combat
 24093 | Lair:2   | Found a staircase to the Snake Pit.
 24335 | Lair:2   | Reached XP level 13. HP: 68/90 MP: 19/23
 25119 | Lair:3   | Reached skill level 10 in Dodging
 27778 | Lair:4   | Found a staircase to the Swamp.
 27833 | Lair:4   | Reached skill level 10 in Fighting
 27841 | Lair:4   | Reached skill level 1 in Hexes
 28029 | Lair:4   | Reached skill level 10 in Transmutations
 28039 | Lair:4   | Reached skill level 5 in Evocations
 28071 | Lair:4   | Reached skill level 5 in Shields
 29108 | D:11     | Bought the cursed ring "Haevach" {+Blink rElec rPois MP+9
                  | EV-4} for 568 gold pieces
 31152 | D:12     | Reached XP level 14. HP: 69/99 MP: 24/24
 31292 | D:12     | Learned a level 4 spell: Leda's Liquefaction
 31335 | D:12     | Noticed Psyche
 31345 | D:12     | Killed Psyche
 31498 | D:12     | Found a staircase to the Orcish Mines.
 31627 | D:12     | Noticed Josephine
 31645 | D:12     | Killed Josephine
 31645 | D:12     | Reached skill level 11 in Unarmed Combat
 31971 | D:12     | Reached skill level 1 in Earth Magic
 31980 | D:12     | Reached skill level 1 in Maces & Flails
 32670 | D:11     | Bought an uncursed ring of see invisible for 210 gold
                  | pieces
 32728 | Orc:1    | Entered Level 1 of the Orcish Mines
 34018 | Orc:2    | Entered Level 2 of the Orcish Mines
 34025 | Orc:2    | Found a flickering gateway to a bazaar.
 34030 | Bazaar   | Entered a bazaar
 34032 | Bazaar   | Found Faumoupt's Assorted Antiques.
 34036 | Bazaar   | Found Ceschuat's Gadget Boutique.
 34036 | Bazaar   | Found Sibelo's Antique Weapon Boutique.
 34036 | Bazaar   | Found Miwapasi's Assorted Antiques.
 34071 | Bazaar   | Bought a potion of heal wounds for 100 gold pieces
 34097 | Bazaar   | Bought a wand of disintegration (11) for 180 gold pieces
 34097 | Bazaar   | Bought a wand of disintegration (5) for 108 gold pieces
 37314 | Orc:2    | Found Tuboboddy's Antique Armour Boutique.
 37314 | Orc:2    | Found Muophyle's Book Shoppe.
 37973 | Orc:2    | Found a roughly hewn altar of Beogh.
 38061 | Orc:2    | Found Zeatixoh's Assorted Antiques.
 38061 | Orc:2    | Found Mirchupnu's General Store.
 38154 | Orc:2    | Found a roughly hewn altar of Beogh.
 38271 | Orc:2    | Found a staircase to the Elven Halls.
 39598 | D:13     | Found a transporter.
 39598 | D:13     | Found a transporter.
 39614 | D:13     | Noticed a tengu reaver
 40631 | Lair:4   | Paralysed by a hornet for 3 turns
 41592 | Lair:5   | Found a staircase to the Slime Pits.
 43121 | D:8      | Bought a potion of curing for 51 gold pieces
 43264 | D:14     | Found a white marble altar of Elyvilon.
 43264 | D:14     | Noticed a daeva
 43265 | D:14     | Found a runed translucent door.
 43787 | D:14     | Reached skill level 5 in Hexes
 43895 | D:14     | Reached XP level 15. HP: 94/106 MP: 25/25
 44361 | D:14     | Found a shadowy altar of Dithmenos.
 44857 | D:15     | Entered Level 15 of the Dungeon
 46008 | D:13     | Found a transporter.
 46020 | D:13     | Found a transporter.
 46115 | D:13     | Found a transporter.
 48104 | D:13     | Found a gate to the Vaults.
 48760 | D:13     | Found a white marble altar of Elyvilon.
 48813 | D:13     | Noticed a shadow dragon
 48813 | D:13     | Noticed an iron giant
 48813 | D:13     | a shadow dragon changed into an iron giant
 48815 | D:13     | Noticed a shadow dragon
 48815 | D:13     | an iron giant changed into a shadow dragon
 48817 | D:13     | Noticed a fire giant
 48817 | D:13     | a shadow dragon changed into a fire giant
 48846 | D:13     | Noticed an azure jelly
 48846 | D:13     | a catoblepas changed into an azure jelly
 50245 | Lair:6   | Entered Level 6 of the Lair of Beasts
 51062 | Lair:5   | Reached skill level 5 in Maces & Flails
 51062 | Lair:5   | Reached skill level 12 in Unarmed Combat
 51219 | Lair:6   | Reached skill level 5 in Earth Magic
 52474 | Lair:6   | Noticed Urug
 52485 | Lair:6   | Killed Urug
 53717 | Lair:6   | Reached XP level 16. HP: 39/114 MP: 26/26
 54392 | Lair:6   | Found a runed translucent door.
 55757 | Lair:6   | Found a runed translucent door.
 56657 | D:10     | Bought a book of the Dragon for 1260 gold pieces
 56665 | D:10     | Learned a level 7 spell: Dragon Form
 56829 | D:15     | Found a staircase to the Depths.
 57259 | D:15     | Found a stormy altar of Qazlal.
 57327 | D:15     | Gained mutation: Your body sometimes deteriorates upon
                  | taking damage. [mutagenic glow]
 57343 | D:15     | Gained mutation: Scrolls take you a little longer to read.
                  | [mutagenic glow]
 58572 | Snake:1  | Entered Level 1 of the Snake Pit
 61707 | Snake:2  | Noticed a nagaraja
 61719 | Snake:2  | Killed a nagaraja
 62189 | Snake:2  | Reached XP level 17. HP: 121/121 MP: 27/27
 62434 | Snake:2  | Reached skill level 13 in Unarmed Combat
 62434 | Snake:2  | Gained mutation: Scrolls take you longer to read.
                  | [mutagenic glow]
 62450 | Snake:2  | Gained mutation: Your spells are a little easier to cast,
                  | but a little less powerful. [mutagenic glow]
 62462 | Snake:2  | Lost mutation: Scrolls take you longer to read. [mutagenic
                  | glow]
 62462 | Snake:2  | Lost mutation: Scrolls take you a little longer to read.
                  | [mutagenic glow]
 62462 | Snake:2  | Gained mutation: You have supernaturally acute eyesight.
                  | (SInv) [mutagenic glow]
 63748 | Snake:3  | Reached skill level 10 in Shields
 64284 | Snake:4  | Entered Level 4 of the Snake Pit
 64486 | Snake:4  | Gained mutation: Your spells are easier to cast, but less
                  | powerful. [mutagenic glow]
 67028 | Snake:4  | Identified the ring "Vuqeo" {rPois Int+4}
 67739 | Snake:4  | Reached XP level 18. HP: 129/129 MP: 28/28
 68410 | Snake:4  | Got a serpentine rune of Zot
 69272 | Lair:2   | Bought the ring "Buux" {Ice Slay+2 SInv Stlth+} for 853
                  | gold pieces
 69272 | Lair:2   | Bought 2 potions of heal wounds for 180 gold pieces
 69272 | Lair:2   | Bought a potion of heal wounds for 90 gold pieces
 69272 | Lair:2   | Bought a scroll of teleportation for 54 gold pieces
 69516 | Orc:2    | Bought the Reference Book on the Frostbite and Fire for 676
                  | gold pieces
 69520 | Orc:2    | Learned a level 3 spell: Ozocubu's Armour
 69793 | Swamp:1  | Entered Level 1 of the Swamp
 70389 | D:13     | Got a smoking steel ring
 70461 | D:13     | Reached skill level 1 in Ice Magic
 70541 | D:13     | Identified the ring "Vijiy" {Wiz +Fly MP-9 Str+6 Int+4
                  | Stlth+} (You found it on level 13 of the Dungeon)
 70846 | Swamp:1  | Reached skill level 14 in Unarmed Combat
 71211 | Vaults:1 | Entered Level 1 of the Vaults
 71473 | D:11     | You paid a toll of 18 potions of curing to enter a treasure
                  | trove
 71474 | Trove    | Entered a treasure trove
 71514 | Trove    | Identified Sif Muna's Catalogue of the Venomous Frostbite
 71549 | Trove    | Identified the Guide on Feathery Black Rituals
 71559 | Trove    | Identified Sif Muna's Reference Book on Ashen Intoxication
 71562 | Trove    | Identified the Tome of the Arsonist and Summoning
 72118 | Swamp:2  | Noticed Aizul
 72128 | Swamp:1  | Killed Aizul
 72739 | Swamp:2  | Found a runed translucent door.
 73036 | Swamp:1  | Gained mutation: You occasionally shout uncontrollably at
                  | your foes. [mutagenic glow]
 74849 | Swamp:4  | Entered Level 4 of the Swamp
 74849 | Swamp:4  | Identified the +0 pair of gloves "Dial" {rPois rN+ Int-5
                  | Dex+5}
 74849 | Swamp:4  | Noticed Nikola
 74867 | Swamp:4  | Killed Nikola
 74872 | Swamp:4  | Noticed Louise
 75026 | Swamp:3  | Killed Louise
 75424 | Swamp:4  | Reached XP level 19. HP: 136/136 MP: 25/31
 75435 | Swamp:4  | Noticed Bai Suzhen
 75603 | Swamp:4  | Cast into level 3 of the Abyss (Bai Suzhen)
 75654 | Swamp:4  | Escaped the Abyss
 75660 | Swamp:4  | Killed Bai Suzhen
 76506 | Swamp:4  | Got a decaying rune of Zot
 76528 | Swamp:4  | Got an iridescent war axe
 76529 | Swamp:4  | Identified the +7 war axe of Obuilu {flame, *Drain MP+9
                  | Dex+2 SInv} (You found it on level 4 of the Swamp)
 76650 | Slime:1  | Entered Level 1 of the Pits of Slime
 76710 | Slime:1  | Reached skill level 5 in Ice Magic
 77270 | Vaults:1 | Noticed Donald
 77280 | Vaults:1 | Killed Donald
 78727 | Vaults:1 | Reached skill level 15 in Unarmed Combat
 78796 | Vaults:1 | Reached XP level 20. HP: 144/144 MP: 33/33
 78820 | Vaults:1 | Found Suokh's Jewellery Emporium.
 78852 | Vaults:1 | Bought the ring "Xutuhir" {rPois rF+ rC+ Stlth+} for 828
                  | gold pieces
 79197 | Vaults:1 | Got a fading long sword
 79198 | Vaults:1 | Identified the +4 long sword of Hatred {pain, *Noise +Blink
                  | rF+} (You found it on level 1 of the Vaults)
 79790 | Vaults:2 | Reached skill level 15 in Dodging
 80336 | Vaults:2 | Reached skill level 15 in Fighting
 80340 | Vaults:2 | Reached skill level 15 in Transmutations
 80440 | Vaults:2 | Found a staircase to the Crypt.
 80907 | Vaults:2 | Found a huge runed gate.
 80907 | Vaults:2 | Found a huge runed gate.
 80938 | Vaults:2 | Found a huge runed gate.
 80938 | Vaults:2 | Found a huge runed gate.
 80938 | Vaults:2 | Found a huge runed gate.
 80938 | Vaults:2 | Found a huge runed gate.
 80938 | Vaults:2 | Found a huge runed gate.
 80938 | Vaults:2 | Found a huge runed gate.
 80938 | Vaults:2 | Found a huge runed gate.
 80939 | Vaults:2 | Found a huge runed gate.
 80947 | Vaults:2 | Found a huge runed gate.
 80947 | Vaults:2 | Found a huge runed gate.
 80947 | Vaults:2 | Found a huge runed gate.
 80947 | Vaults:2 | Found a huge runed gate.
 80947 | Vaults:2 | Found a huge runed gate.
 80947 | Vaults:2 | Found a huge runed gate.
 80947 | Vaults:2 | Found a huge runed gate.
 80948 | Vaults:2 | Found a huge runed gate.
 80949 | Vaults:2 | Found a huge runed gate.
 80957 | Vaults:2 | Found a huge runed gate.
 80957 | Vaults:2 | Found a huge runed gate.
 80957 | Vaults:2 | Found a huge runed gate.
 80957 | Vaults:2 | Found a huge runed gate.
 80957 | Vaults:2 | Found a huge runed gate.
 80957 | Vaults:2 | Found a huge runed gate.
 80957 | Vaults:2 | Found a huge runed gate.
 80958 | Vaults:2 | Found a huge runed gate.
 80959 | Vaults:2 | Found a huge runed gate.
 80967 | Vaults:2 | Found a huge runed gate.
 80967 | Vaults:2 | Found a huge runed gate.
 80967 | Vaults:2 | Found a huge runed gate.
 80967 | Vaults:2 | Found a huge runed gate.
 80967 | Vaults:2 | Found a huge runed gate.
 80967 | Vaults:2 | Found a huge runed gate.
 80967 | Vaults:2 | Found a huge runed gate.
 80968 | Vaults:2 | Found a huge runed gate.
 81145 | Vaults:2 | Noticed a hellephant
 81145 | Vaults:2 | Noticed a hellephant
 81161 | Vaults:2 | Killed a hellephant
 81664 | Vaults:2 | Killed a hellephant
 82558 | Vaults:3 | Reached XP level 21. HP: 152/152 MP: 29/34
 83294 | Vaults:3 | Reached skill level 16 in Unarmed Combat
 85244 | Vaults:5 | Entered Level 5 of the Vaults
 85932 | Vaults:5 | Noticed Jory
 86160 | Vaults:5 | Killed Jory
 86333 | Vaults:5 | Noticed an ancient lich
 86347 | Vaults:5 | Killed an ancient lich
 86347 | Vaults:5 | Reached XP level 22. HP: 161/161 MP: 30/35
 86382 | Vaults:5 | HP: 4/241 [stone giant (37)]
 87044 | Vaults:5 | Reached skill level 17 in Unarmed Combat
 87690 | Vaults:5 | Noticed a golden dragon
 87694 | Vaults:5 | Identified the +12 mace of Ytuyla Faoxt {venom, Int-5
                  | Dex+5}
 87694 | Vaults:5 | Identified the amulet of Dapigeh {MR+ Regen+}
 87698 | Vaults:5 | Killed a golden dragon
 88014 | Vaults:5 | Identified the ring of Lunaaz {rC++ rN+ Str-2}
 88014 | Vaults:5 | Noticed Saint Roka
 88159 | Vaults:5 | Killed Saint Roka
 89177 | Vaults:5 | Found the +9 sword of Zonguldrok {reap}
 89262 | Vaults:5 | Got a silver rune of Zot
 90231 | Elf:1    | Entered Level 1 of the Elven Halls
 90591 | Elf:1    | Reached XP level 23. HP: 169/169 MP: 36/36
 90690 | Elf:1    | Found Lothi's Assorted Antiques.
 91186 | Elf:1    | Found a transporter.
 91209 | Elf:1    | Noticed Bossus's ghost (journeyman TrDe)
 91257 | Elf:1    | Found a transporter.
 91431 | Elf:2    | Found Xolig's Antique Armour Emporium.
 91539 | Elf:2    | Identified a scroll of acquirement
 91540 | Elf:2    | Acquired the +1 hat "Nasul" {*Corrode Int+6}
 91987 | Elf:2    | Found a runed translucent door.
 92015 | Elf:2    | Found a runed translucent door.
 92490 | Elf:2    | Reached skill level 18 in Unarmed Combat
 92503 | Elf:2    | HP: 12/255 [+6 bardiche of venom (29)]
 92504 | Elf:2    | Killed from afar by a deep elf knight

Illustrated notes

Levels and vault maps discovered:
D:1:      eino_arrival_tree_alley, layout_rooms
D:2:      layout_basic, nicolae_overflow_crystal_walls, grunt_decor_fettered,
          elyvilon_altar_3
D:3:      layout_rooms, ebering_ghost_disaster_area, uniq_robin
D:4:      layout_rooms, nicolae_gozag_cash_rules_everything_around_me,
          uniq_sigmund, uniq_eustachio, uniq_pikel
D:5:      layout_loops_cross, xom_butterflies, minmay_temple_entry_glassed_door
D:6:      layout_cave_pools, nicolae_ru_path_of_blood,
          nicolae_ossuary_entry_monument, ebering_ghost_disaster_area,
          serial_shops, nicolae_shop_behind_doors, okawaru_metal_pillars_1_2
D:7:      layout_basic, lemuel_crystal_altar, worms_lemuel, uniq_maggie
D:8:      layout_layer_cave, lemuel_coloured_pillars_altar, serial_shops, shop,
          uniq_grum
D:9:      layout_layer_cave, uniq_joseph, uniq_maurice, uniq_prince_ribbit1
D:10:     gammafunk_corrupted_shrine, layout_long_grid, erik_lair_island,
          abandoned_shop, uniq_snorg, uniq_fannar, uniq_nergalle
D:11:     minmay_chambers_of_sixes, layout_grid_maze, enter_trove_6,
          serial_shops, nicolae_shop_temple_entry_statues_fountains
D:12:     layout_long_grid, hiddenorc2_lemuel, serial_shops, bzr_entry_dummy,
          uniq_psyche, uniq_josephine
D:13:     gammafunk_the_bubble [the_bubble_gammafunk_roulette],
          layout_cave_pods, grunt_vaults_entry_fortified, basic_altar,
          minmay_protected_statue
D:14:     layout_basic, grunt_dithmenos_smoke, lemuel_angel_altar
D:15:     gammafunk_depths_entry_grave, layout_loops_corners,
          nicolae_qazlal_general_emergency
Lair:1:   layout_concentric_octagons, basic_altar, grunt_megastairs_4
Lair:2:   layout_hall_layers, guppyfry_snake_entry_garden, minivault_26
Lair:3:   layout_regular_city, bh_autumn_forest_stairs
Lair:4:   cheibrodos_lair_overgrown_chateau, layout_misc_corridors,
          swamp_mist_pool, nicolae_lair_yak_garden
Lair:5:   layout_cave_pods, nicolae_slime_entry_slimehenge, serial_bayou_shore_b
Lair:6:   wormcave, layout_regular_city, hangedman_lair_in_review,
          gauntlet_entry_generic, uniq_urug
Swamp:1:  layout_basic_swamp, evilmike_swamp_ruin_wall, swamp_pool4
Swamp:2:  gammafunk_mikee_crab_dinner, layout_falls_marsh,
          evilmike_swamp_ruin_house_3, infiniplex_staircase_pool_2, uniq_aizul
Swamp:3:  layout_basic_swamp, evilmike_swamp_ruin_house_6, st_swamp_ruins_3
Swamp:4:  swamp, layout_basic_swamp, uniq_nikola, uniq_bai_suzhen, uniq_louise
Snake:1:  layout_chambers, serial_bayou_shore_b
Snake:2:  layout_basic
Snake:3:  layout_layer_cave
Snake:4:  grunt_snake_rune_pools, layout_layer_cave, grunt_ministairs_9,
          nicolae_coiled_stairwell_up
Slime:1:  layout_caves
Orc:1:    layout_caves
Orc:2:    st_orc_town, layout_diamond_mine, serial_shops, bzr_entry_road,
          basic_altar
Elf:1:    minmay_elf_arrival_plus, layout_geoelf_grid, serial_shops,
          nicolae_shop_overgrown_old_shop, gammafunk_ghost_berserking_beasts,
          hangedman_elf_represent, library_closet
Elf:2:    layout_rooms, serial_shops, shop, serial_sigils_hangedman_carve
Vaults:1: v_misc_1, hangedman_vaults_cutoff, vaults_mumra_minichess_inversion,
          nicolae_vaults_three_branches, nicolae_vaults_arrows,
          nicolae_vaults_network_quinsquares
          [nicolae_vaults_network_quincunx_subvault,
          nicolae_vaults_network_quincunx_subvault,
          nicolae_vaults_network_quincunx_subvault,
          nicolae_vaults_network_quincunx_subvault],
          nicolae_vaults_diagonal_hallway_7, ontoclasm_vaults_tryst,
          vaults_room_pools, st_diamondy, nicolae_vaults_circle_grid_b,
          v_misc_16, layout_vaults_omnibox, serial_shops, shop, uniq_donald
Vaults:2: minmay_crypt_entry_simple_sparse, nicolae_vaults_asterisk,
          hangedman_vaults_variations, nicolae_vaults_big_angled_halls,
          vaults_not_door_vault_due, nicolae_vaults_circle_grid_a, v_misc_13,
          nicolae_vaults_network_square, serial_ice_h,
          ontoclasm_vaults_loading_screen, layout_vaults_big_room
Vaults:3: v_misc_33, v_misc_10, nicolae_vaults_little_squares_6,
          hangedman_vaults_stagger, vaults_standard_mumra_x,
          ontoclasm_vaults_ligature, hangedman_vaults_nails, st_lattice,
          nicolae_vaults_little_squares_6, layout_vaults_omnigrid
Vaults:4: nicolae_vaults_little_squares_6, nicolae_vaults_twisting_passages,
          nicolae_vaults_stairing_the_circle, v_misc_27, vaults_dpeg_cross,
          vaults_room_semicircle, grunt_vaults_twisty, hangedman_vaults_trim,
          v_alt_pattern_2, layout_vaults_omnicross
Vaults:5: uniq_jory, uniq_saint_roka

Skill      XL: |  1  2  3  4  5  6  7  8  9 10 11 12 13 14 15 16 17 18 19 20 21 22 23 |
---------------+----------------------------------------------------------------------+-----
Fighting       | 2 3 4 6 8 9 10 11 12 13 14 15 16 17 | 17.7
Dodging        | 3 4 5 6 7 8 9 10 11 12 13 14 15 16 17 | 17.8
Transmutations | 3 4 5 6 8 9 10 11 12 13 14 15 16 17 | 17.7
Spellcasting   | 3 4 5 6 7 8 9 |  9.0
Unarmed Combat | 4 5 6 7 9 10 11 12 13 14 15 16 17 18 | 18.0
Conjurations   | 2 4 |  4.0
Translocations | 2 |  2.0
Shields        | 3 5 7 8 9 10 11 12 | 12.0
Evocations     | 3 5 |  5.0
Hexes          | 3 5 |  5.0
Earth Magic    | 3 5 7 |  7.0
Maces & Flails | 3 5 6 |  6.0
Ice Magic      | 3 6 7 |  7.0

Action                   |  1- 3 |  4- 6 |  7- 9 | 10-12 | 13-15 | 16-18 | 19-21 | 22-24 || total
-------------------------+-------+-------+-------+-------+-------+-------+-------+-------++-------
Melee: Unarmed           |    84 |   102 |   177 |   520 |  1413 |   820 |   750 |   411 ||  4277
       Constrict         |    24 |    20 |    18 |    13 |    22 |     3 |       |     1 ||   101
       Tentacles         |    16 |    12 |    13 |    17 |    43 |     5 |     2 |     2 ||   110
       Kick              |    14 |    16 |    21 |    14 |    21 |       |       |       ||    86
       Punch             |     3 |     2 |     3 |     4 |    20 |    91 |   119 |    65 ||   307
       Whip              |       |       |    77 |    46 |    85 |       |       |       ||   208
       Trident           |       |       |       |    13 |   231 |    13 |     4 |       ||   261
       Tailslap          |       |       |       |       |       |   124 |   152 |    82 ||   358
       Bite              |       |       |       |       |       |    79 |   115 |    48 ||   242
       Long sword        |       |       |       |       |       |       |     1 |       ||     1
Throw: Dart              |       |       |       |    10 |       |       |       |       ||    10
 Cast: Beastly Appendage |    20 |    13 |    28 |    25 |    12 |     1 |       |       ||    99
       Spider Form       |       |     8 |    30 |    80 |   127 |    12 |       |       ||   257
       Magic Dart        |       |       |       |    23 |    94 |    29 |     3 |     4 ||   153
       Blink             |       |       |       |     8 |     5 |     6 |     1 |     2 ||    22
       Tukima's Dance    |       |       |       |     7 |       |       |     1 |       ||     8
       Ice Form          |       |       |       |    16 |    75 |    21 |       |       ||   112
       Leda's Liquefacti |       |       |       |       |     4 |       |       |       ||     4
       Dragon Form       |       |       |       |       |       |   101 |    91 |    58 ||   250
       Slow              |       |       |       |       |       |     1 |       |       ||     1
       Ozocubu's Armour  |       |       |       |       |       |     5 |     4 |     1 ||    10
Invok: Call Merchant     |       |       |       |     2 |     2 |     2 |     1 |       ||     7
       Potion Petition   |       |       |       |       |       |     1 |       |       ||     1
 Abil: Breathe Fire      |       |       |       |       |       |    16 |     6 |     4 ||    26
Evoke: Wand              |       |       |       |     3 |     8 |       |       |       ||    11
  Use: Potion            |       |     1 |       |     1 |     2 |       |     2 |     3 ||     9
       Scroll            |       |       |    13 |     9 |    20 |     8 |     3 |     4 ||    57
 Stab: Sleeping          |     4 |       |     8 |    12 |    10 |     3 |     1 |     7 ||    45
       Distracted        |     1 |       |       |     3 |     9 |    13 |    11 |     3 ||    40
       Petrifying        |       |       |       |       |     1 |       |       |       ||     1
       Petrified         |       |       |       |       |     1 |       |       |       ||     1
Armor: Skin              |    10 |     4 |     4 |    20 |    62 |   198 |   172 |    95 ||   565
Dodge: Dodged            |    70 |    94 |   267 |   675 |  1573 |   771 |   499 |   241 ||  4190
Block: Kite shield       |       |       |       |       |    26 |     4 |     6 |     3 ||    39
       Rpst.: Long sword |       |       |       |       |       |       |     1 |       ||     1

Table legend: (Time is in decaauts)
 A = Elapsed time spent in this place.
 B = Non-inter-level travel time spent in this place.
 C = Inter-level travel time spent in this place.
 D = Time resting spent in this place.
 E = Time spent auto-exploring this place.
 F = Levels seen in this place.
 G = Mean time per level.
                   A        B        C        D        E       F      G
               +--------+--------+--------+--------+--------+-----+--------+
         Total |  91881 |  85070 |   6811 |  23594 |  45894 |  42 | 2187.6 |
       Dungeon |  34351 |  31691 |   2660 |  10171 |  15646 |  15 | 2290.1 |
          Lair |  21436 |  19058 |   2378 |   5592 |  10607 |   6 | 3572.7 |
         Swamp |   5329 |   5068 |    261 |   1616 |   2622 |   4 | 1332.2 |
     Snake Pit |   9648 |   9294 |    354 |   2008 |   5631 |   4 | 2412.0 |
    Slime Pits |     96 |     96 |      0 |      0 |     37 |   1 |   96.0 |
  Orcish Mines |   5926 |   5270 |    656 |   1837 |   2355 |   2 | 2963.0 |
   Elven Halls |   2200 |   2200 |      0 |      0 |   1616 |   2 | 1100.0 |
        Vaults |  12653 |  12152 |    501 |   2370 |   7341 |   5 | 2530.6 |
         Abyss |     49 |     49 |      0 |      0 |      0 |   1 |   49.0 |
        Bazaar |     83 |     83 |      0 |      0 |      0 |   1 |   83.0 |
         Trove |    103 |    103 |      0 |      0 |     38 |   1 |  103.0 |
               +--------+--------+--------+--------+--------+-----+--------+

Top non-repeatable levels by time:
  Lair:6: 5391 daAuts
  Lair:2: 4122 daAuts
    D:13: 4114 daAuts
    D:10: 3883 daAuts
    D:11: 3751 daAuts
Vaults:5: 3567 daAuts
 Snake:4: 3426 daAuts
   Orc:2: 3250 daAuts
  Lair:3: 3176 daAuts
  Lair:4: 3136 daAuts
    D:12: 3123 daAuts
  Lair:1: 3016 daAuts
     D:9: 2859 daAuts
Vaults:4: 2731 daAuts
   Orc:1: 2675 daAuts
